 Dungeon Crawl Stone Soup version 0.19.5 (webtiles) character file.

51603 MirrMurr the Unseen (level 14, -7/63 HPs)
             Began as a Spriggan Enchanter on Mar 10, 2017.
             Was a High Priest of Dithmenos.
             Killed from afar by an ice dragon (64 damage)
             ... with a blast of cold
             ... on level 15 of the Dungeon.
             The game lasted 01:26:44 (25127 turns).

MirrMurr the Unseen (Spriggan Enchanter)           Turns: 25127, Time: 01:26:46

Health: -7/63      AC: 13    Str:  7    XL:     14   Next: 24%
Magic:  32/38      EV: 28    Int: 19    God:    Dithmenos [*****.]
Gold:   1200       SH:  9    Dex: 16    Spells: 9 memorised, 13 levels left

rFire  . . .     SeeInvis +     a - +3 dagger
rCold  . . .     Gourm    .     N - +1 troll leather armour
rNeg   . . .     Faith    .     c - +0 buckler
rPois  .         Spirit   .     G - +2 hat
rElec  .         Reflect  +     H - +1 cloak {MR+}
rCorr  .         Harm     .     (gloves unavailable)
MR     +++..                    (boots unavailable)
Stlth  ++++++++++               W - +4 amulet of reflection
                                X - ring of magical power
                                p - +4 ring of protection

@: wreathed by umbra, very quick
A: unfitting armour, see invisible, herbivore 3, speed 3, slow metabolism 2
a: Shadow Step, Shadow Form, Renounce Religion


You were on level 15 of the Dungeon.
You worshipped Dithmenos.
Dithmenos was extremely pleased with you.
You were very full.

You visited 3 branches of the dungeon, and saw 22 of its levels.
You also visited: Ossuary.

You collected 1200 gold pieces.

Inventory:

Hand Weapons
 a - a +3 dagger (weapon)
 b - a +2 dagger of venom
 q - a +0 blowgun
 w - a +0 hunting sling
Missiles
 e - 16 curare-tipped needles
 f - 624 stones (quivered)
 o - 142 sling bullets
 v - 9 poisoned needles
 y - 7 throwing nets
Armour
 c - a +0 buckler (worn)
 G - a +2 hat (worn)
 H - a +1 cloak of magic resistance (worn)
 N - a +1 troll leather armour (worn)
Jewellery
 n - an uncursed ring of positive energy
 p - a +4 ring of protection (left hand)
 u - an uncursed ring of fire
 C - an uncursed ring of protection from cold
 L - an uncursed ring of protection from magic
 W - a +4 amulet of reflection (around neck)
 X - a ring of magical power (right hand)
Wands
 B - a wand of confusion (26/48)
 O - a wand of disintegration (18/24)
 Q - a wand of paralysis (10/24)
 R - a wand of iceblast (5/15)
 S - a wand of digging (15/24)
 U - a wand of disintegration (18/24)
Scrolls
 i - 9 scrolls of identify
 j - 7 scrolls of teleportation
 r - 9 scrolls of remove curse
 s - 2 scrolls of blinking
 P - a scroll of recharging
 Y - a scroll of holy word
Potions
 g - a potion of berserk rage
 h - 7 potions of agility
 k - 4 potions of ambrosia
 l - 7 potions of heal wounds
 m - 10 potions of curing
 t - a potion of invisibility
 A - 6 potions of haste
 F - a potion of brilliance
 I - a potion of lignification
 J - 3 potions of magic
 M - 3 potions of flight {unknown}
 T - 3 potions of resistance
Books
 D - a book of Beasts

   Spells                             Type                      Level
   a - Summon Butterflies             Summoning                    1
   b - Call Canine Familiar           Summoning                    3
   c - Summon Ice Beast               Ice/Summoning                4
   d - Summon Mana Viper              Hexes/Summoning              5
   e - Summon Hydra                   Summoning                    7
Miscellaneous
 x - a sack of spiders
 z - a box of beasts
 Z - a phantom mirror
Comestibles
 d - 14 bread rations
 E - 11 slices of pizza
 K - 12 fruits


   Skills:
 * Level 2.2 Fighting
 - Level 12.3 Short Blades
 - Level 14.3 Dodging
 + Level 17.6 Stealth
 - Level 10.0 Spellcasting
 + Level 15.7 Hexes
 * Level 2.1 Summonings


You had 13 spell levels left.
You knew the following spells:

 Your Spells              Type           Power        Failure   Level  Hunger
a - Ensorcelled Hibernat  Hex/Ice        #####.       1%          2    None
b - Confuse               Hex            ######..     1%          3    None
c - Tukima's Dance        Hex            ######..     1%          3    None
d - Dazzling Spray        Conj/Hex       #####.       2%          3    None
e - Animate Skeleton      Necr           N/A          21%         1    None
f - Summon Butterflies    Summ           ###.....     10%         1    None
g - Summon Mana Viper     Hex/Summ       #####...     17%         5    #####..
A - Apportation           Tloc           #.........   21%         1    None
C - Corona                Hex            ######.      1%          1    None


Dungeon Overview and Level Annotations

Branches:
Dungeon (15/15)            Temple (1/1) D:6            Lair (6/6) D:9
 Shoals (0/4) Lair:4        Snake (0/4) Lair:3        Slime (0/5) Lair:6
    Orc (0/2) D:11         Vaults (0/5) D:13         Depths (0/5) D:15

Altars:
Ashenzari
Cheibriados
Dithmenos
Elyvilon
Fedhas
Gozag
Kikubaaqudgha
Nemelex Xobeh
Qazlal
Ru
Sif Muna
Uskayaw
Vehumet
Xom
Zin
Jiyva

Shops:
D:13 [

Annotations:
D:8 exclusions: obsidian statue and orange crystal statue
Lair:6 elephants, exclusion: 3 doors


Innate Abilities, Weirdness & Mutations

You are very small and have problems with some larger weapons.
You are too small for most types of armour.
You have supernaturally acute eyesight. (SInv)
You are a herbivore.
You cover ground extremely quickly.
You need consume almost no food.


Message History

Aiming: Confuse
Press: ? - help, Shift-Dir - straight line, f - ice dragon
Aim: an ice dragon (umbra, chance to defeat MR: 62%)
The ice dragon resists with significant effort.
Your shadow mimicks your spell!
The ice dragon easily resists.
You block the ice dragon's attack. x2
The ice dragon closely misses you.
You hit the ice dragon but do no damage.
Casting: Confuse
Confirm with . or Enter, or press ? or * to list all spells.
Aiming: Confuse
Press: ? - help, Shift-Dir - straight line, f/p - ice dragon
Aim: an ice dragon (umbra, chance to defeat MR: 62%)
The ice dragon resists with significant effort.
Your shadow mimicks your spell!
The ice dragon easily resists.
The ice dragon breathes frost at you. The blast of cold hits you!
Ouch! That really hurt!
You die...

#.........# #.## #.# #.# #
#(#.###.#.###..## #.# #.# #
[....###.#.##....## ##.####.# #
##.........##..8..# #.......###
#######...##.....#####........<.
#.....<.##.#..##.#........
#..#######.##......##.#### #..#
##.D.####.####.# #..#
#.@#..#...# #.#
#####..#####(D#.$#...# #.#
............#$.#D$#...# #.#
######...####$.#.$#...# #.#
#...# #$.#.$##.## #.# ##.##
##...##..#####.# #.#
##>##.<.......# #####.# #
#...####### ### #.....# #...#


You could see 2 ice dragons.

Vanquished Creatures
  A vault guard (D:13)
  6 hydras
  2 centaur warriors
  Urug (Lair:5)
  2 unseen horrors
  2 hill giants
  2 cyclopes (D:15)
  5 ugly things
  A manticore (D:14)
  8 elephants (Lair:6)
  A siren (Lair:4)
  7 black mambas
  6 spiny frogs
  A kobold demonologist (D:11)
  An efreet (D:15)
  A freezing wraith (D:14)
  A yaktaur (shapeshifter) (D:15)
  7 komodo dragons
  5 trolls
  2 polar bears
  6 meliai (D:13)
  8 slime creatures
  15 blink frogs
  12 hippogriffs
  2 wraiths
  3 shadows
  35 yaks
  4 wyverns
  5 basilisks
  3 hogs (D:9)
  A hungry ghost (D:7)
  A human (D:9)
  12 vampire mosquitoes
  2 mottled dragons
  4 porcupines (Lair:2)
  10 water moccasins
  A meliai simulacrum (D:15)
  7 orc warriors
  6 sky beasts
  5 ice beasts
  2 black bears
  4 phantoms
  4 centaurs
  6 ogres
  9 wolves
  9 crocodiles
  5 big kobolds
  15 bullfrogs
  A wyvern zombie (D:9)
  2 wyvern skeletons
  Dowan (D:6)
  2 scorpions (D:12)
  13 wights
  8 howler monkeys
  6 crimson imps
  3 hounds
  2 bullfrog zombies
  6 centaur zombies
  6 jellies
  2 quasits
  5 orc priests
  4 bullfrog skeletons
  3 centaur skeletons
  6 iguanas
  9 orc wizards
  18 worker ants
  2 big kobold zombies (Ossuary)
  4 mummies (Ossuary)
  2 worker ant zombies
  10 adders
  A howler monkey skeleton (D:11)
  2 shadow imps
  4 oozes
  3 adder skeletons
  An adder zombie (D:8)
  3 worms
  2 dart slugs
  8 leopard geckos
  47 orcs
  10 bats
  6 giant cockroaches
  7 goblins
  6 hobgoblins
  14 jackals
  2 quokkas
  4 ball pythons
  A frilled lizard (D:2)
  2 hobgoblin zombies (Ossuary)
  A jackal skeleton (D:5)
  22 kobolds
  A quokka skeleton (D:4)
  2 quokka zombies (D:9)
  8 rats
530 creatures vanquished.

Vanquished Creatures (collateral kills)
  A wizard (D:14)
  Duvessa (D:6)
  An orc warrior (D:8)
  3 ogres
  Blork the orc (D:4)
  4 wights
  An orc wizard (D:8)
12 creatures vanquished.

Vanquished Creatures (others)
  A dancing weapon (D:6)
  4 fungi (Lair:6)
  8 plants
13 creatures vanquished.

Grand Total: 555 creatures vanquished

Notes
Turn   | Place    | Note
-------+----------+-------------------------------------------
     0 | D:1      | MirrMurr the Spriggan Enchanter began the quest for the Orb.
     0 | D:1      | Reached XP level 1. HP: 9/9 MP: 5/5
   204 | D:1      | Reached XP level 2. HP: 7/13 MP: 7/7
   338 | D:1      | Learned a level 2 spell: Ensorcelled Hibernation
  1051 | D:2      | Reached skill level 5 in Stealth
  1200 | D:2      | Reached XP level 3. HP: 13/16 MP: 9/9
  1205 | D:2      | Learned a level 3 spell: Confuse
  1209 | D:2      | Learned a level 3 spell: Tukima's Dance
  2334 | D:3      | Reached XP level 4. HP: 21/21 MP: 8/11
  2991 | D:4      | Noticed an ogre
  3033 | D:4      | Found a radiant altar of Vehumet.
  3314 | D:4      | Reached XP level 5. HP: 24/24 MP: 8/13
  3497 | D:4      | Reached skill level 5 in Hexes
  3569 | D:4      | Reached skill level 6 in Stealth
  3569 | D:4      | Reached skill level 5 in Spellcasting
  3787 | D:4      | Noticed an ogre
  3805 | D:4      | Killed an ogre
  3805 | D:4      | Reached XP level 6. HP: 28/28 MP: 7/15
  3810 | D:4      | Learned a level 3 spell: Dazzling Spray
  4172 | D:4      | Noticed Blork the orc
  4236 | D:4      | Reached skill level 7 in Stealth
  4602 | D:4      | Killed Blork the orc
  4602 | D:4      | Reached XP level 7. HP: 19/32 MP: 9/18
  4992 | D:5      | Entered Level 5 of the Dungeon
  6166 | D:6      | Noticed Duvessa
  6166 | D:6      | Noticed Dowan
  6182 | D:6      | Killed Duvessa
  6182 | D:6      | Reached skill level 8 in Stealth
  6214 | D:6      | Killed Dowan
  6214 | D:6      | Reached XP level 8. HP: 15/36 MP: 11/21
  6659 | D:6      | Found a staircase to the Ecumenical Temple.
  6670 | Temple   | Entered the Ecumenical Temple
  6696 | Temple   | Became a worshipper of Dithmenos the Shadowed
  6730 | D:6      | Found a blossoming altar of Fedhas.
  7986 | D:7      | Reached skill level 9 in Stealth
  8343 | D:8      | Noticed an obsidian statue
  8407 | D:8      | Found a sand-covered staircase.
  8415 | Ossuary  | Entered an ossuary
  8781 | Ossuary  | Reached * piety under Dithmenos
  8941 | Ossuary  | Reached XP level 9. HP: 37/39 MP: 19/23
  9358 | D:8      | Reached skill level 5 in Short Blades
  9572 | D:8      | Reached skill level 10 in Stealth
  9900 | D:8      | Noticed an orange crystal statue
 10093 | D:9      | Found a sacrificial altar of Ru.
 10143 | D:9      | Reached skill level 10 in Spellcasting
 10209 | D:9      | Reached skill level 10 in Hexes
 10233 | D:9      | Reached XP level 10. HP: 44/44 MP: 15/25
 10281 | D:9      | Found a sparkling altar of Nemelex Xobeh.
 10282 | D:9      | Found a deep blue altar of Sif Muna.
 10286 | D:9      | Found a snail-covered altar of Cheibriados.
 10367 | D:9      | Reached skill level 11 in Stealth
 10491 | D:9      | Found a shattered altar of Ashenzari.
 10612 | D:9      | Reached ** piety under Dithmenos
 10672 | D:9      | Reached skill level 5 in Dodging
 11478 | D:9      | Found a staircase to the Lair.
 11854 | D:10     | Entered Level 10 of the Dungeon
 12794 | D:10     | Reached skill level 12 in Stealth
 12924 | D:10     | Reached *** piety under Dithmenos
 13059 | D:10     | Reached XP level 11. HP: 47/47 MP: 19/26
 14169 | D:11     | Noticed a brown ugly thing
 14176 | D:11     | Killed a brown ugly thing
 14319 | D:11     | Noticed an eight-headed hydra
 14651 | D:11     | Found a staircase to the Orcish Mines.
 14906 | D:11     | Noticed a purple ugly thing
 14913 | D:11     | Killed a purple ugly thing
 14913 | D:11     | Reached skill level 13 in Stealth
 14947 | D:11     | Reached **** piety under Dithmenos
 15092 | D:11     | Killed an eight-headed hydra
 15849 | D:12     | Noticed a green ugly thing
 15854 | D:12     | Killed a green ugly thing
 16571 | Lair:1   | Entered Level 1 of the Lair of Beasts
 16666 | Lair:1   | Reached skill level 14 in Stealth
 16670 | Lair:1   | Noticed a seven-headed hydra
 16677 | Lair:1   | Killed a seven-headed hydra
 16759 | Lair:1   | Reached XP level 12. HP: 51/51 MP: 24/27
 17385 | Lair:2   | Reached skill level 10 in Dodging
 17413 | Lair:2   | Reached ***** piety under Dithmenos
 18117 | Lair:2   | You fall through a shaft!
 18118 | Lair:3   | @> SHAFTS MY @SS
 18277 | Lair:3   | Reached skill level 10 in Short Blades
 18662 | Lair:3   | Found a staircase to the Snake Pit.
 19072 | Lair:4   | Reached skill level 15 in Stealth
 19357 | Lair:4   | Found a staircase to the Shoals.
 19783 | Lair:5   | Noticed a five-headed hydra
 19832 | Lair:5   | Noticed Urug
 19980 | Lair:5   | Killed a five-headed hydra
 20075 | Lair:5   | Killed Urug
 20166 | Lair:5   | Noticed a six-headed hydra
 20179 | Lair:5   | Killed a six-headed hydra
 20385 | Lair:5   | Noticed an eight-headed hydra
 20392 | Lair:5   | Killed an eight-headed hydra
 20394 | Lair:5   | Reached XP level 13. HP: 55/55 MP: 28/28
 20478 | Lair:6   | Entered Level 6 of the Lair of Beasts
 20483 | Lair:6   | Reached skill level 16 in Stealth
 21708 | Lair:6   | Found a runed door.
 21710 | Lair:6   | Found a viscous altar of Jiyva.
 21714 | Lair:6   | Found a staircase to the Slime Pits.
 21778 | Lair:6   | Reached skill level 15 in Hexes
 22197 | Lair:1   | Learned a level 1 spell: Apportation
 22199 | Lair:1   | Learned a level 1 spell: Animate Skeleton
 22702 | D:13     | Found Elonueg's Antique Armour Boutique.
 22821 | D:13     | Reached skill level 17 in Stealth
 23041 | D:13     | Found a gate to the Vaults.
 23179 | D:14     | Found a white marble altar of Elyvilon.
 23868 | D:14     | Reached XP level 14. HP: 59/59 MP: 29/29
 24288 | D:15     | Entered Level 15 of the Dungeon
 24403 | D:15     | Learned a level 1 spell: Summon Butterflies
 24409 | D:15     | Learned a level 5 spell: Summon Mana Viper
 24546 | D:15     | Reached skill level 1 in Summonings
 24580 | D:15     | Reached skill level 1 in Fighting
 25123 | D:15     | Found a staircase to the Depths.
 25127 | D:15     | Killed from afar by an ice dragon

Skill      XL: |  1  2  3  4  5  6  7  8  9 10 11 12 13 14 |
---------------+-------------------------------------------+-----
Spellcasting   | 3 4 5 6 8 9 10 | 10.0
Stealth        | 5 6 7 8 9 10 12 14 15 17 | 17.6
Hexes          | 4 5 6 8 10 12 13 14 15 | 15.7
Short Blades   | 2 4 6 7 9 10 12 | 12.3
Dodging        | 4 6 9 12 14 | 14.3
Summonings     | 2 |  2.1
Fighting       | 2 |  2.2

Action                   |  1- 3 |  4- 6 |  7- 9 | 10-12 | 13-15 || total
-------------------------+-------+-------+-------+-------+-------++-------
Melee: Dagger            |   179 |   127 |   441 |   468 |   297 ||  1512
 Fire: Hunting sling     |       |       |       |       |     4 ||     4
Throw: Stone             |       |       |       |       |     1 ||     1
 Cast: Ensorcelled Hiber |     8 |    25 |    61 |   191 |   141 ||   426
       Confuse           |       |     6 |    42 |    38 |    45 ||   131
       Tukima's Dance    |       |     4 |     8 |     9 |     4 ||    25
       Dazzling Spray    |       |     4 |    17 |    15 |     5 ||    41
Invok: Shadow Step       |       |       |       |       |     3 ||     3
Evoke: Wand              |       |       |     3 |       |       ||     3
  Use: Scroll            |     5 |     4 |    12 |    10 |     3 ||    34
       Potion            |       |     1 |       |       |       ||     1
 Stab: Sleeping          |    13 |    16 |    49 |   166 |   109 ||   353
       Distracted        |     1 |       |     4 |     1 |       ||     6
       Confused          |       |     4 |    20 |    23 |    33 ||    80
       Invisible         |       |     1 |     3 |       |     2 ||     6
       Held in net/web   |       |       |     1 |       |       ||     1
  Eat: Bread ration      |       |     1 |     1 |     1 |     1 ||     4
       Pizza             |       |     1 |       |       |       ||     1
       Royal jelly       |       |       |       |     1 |     1 ||     2
Armor: Robe              |    15 |    20 |    48 |    16 |       ||    99
       Troll leather arm |       |       |       |    20 |    19 ||    39
Dodge: Dodged            |   135 |    79 |   256 |   250 |   180 ||   900
Block: Buckler           |       |       |       |    70 |    90 ||   160
